 Dungeon Crawl Stone Soup version 0.28-a0-804-g60983d4ba9 (webtiles) character file.

Game seed: 8627796076087923851

30 lawman0 the Grasshopper (level 3, -2/28 HPs)
             Began as a Barachi Warper on Nov 7, 2021.
             Slain by a worm (7 damage)
             ... on level 2 of the Dungeon.
             The game lasted 00:01:13 (1769 turns).

lawman0 the Grasshopper (Barachi Warper)            Turns: 1769, Time: 00:01:13

Health: -2/28      AC:  4    Str: 12    XL:     3   Next: 18%
Magic:  15/15      EV: 12    Int: 14    God:
Gold:   47         SH:  0    Dex: 11    Spells: 6/6 levels left

rFire   . . .      SeeInvis .   a - +0 falchion
rCold   . . .      Faith    .   (no shield)
rNeg    . . .      Spirit   .   b - +0 leather armour
rPois   .          Reflect  .   (no helmet)
rElec   .          Harm     .   (no cloak)
rCorr   .          Rampage  .   e - +0 pair of gloves
Will    .....                   (no boots)
Stlth   +.........              (no amulet)
HPRegen 0.09/turn               g - ring of magical power
MPRegen 0.14/turn               (no ring)

@: slow
A: amphibious, slowness 1, strong legs 1, +LOS
a: Hop


You were on level 2 of the Dungeon.
You visited 1 branch of the dungeon, and saw 2 of its levels.

You collected 47 gold pieces.

Inventory:

Hand Weapons
 a - a +0 falchion (weapon)
Missiles
 d - 5 boomerangs of dispersal (quivered)
Armour
 b - a +0 leather armour (worn)
 e - a +0 pair of gloves (worn)
Jewellery
 g - a ring of magical power (left hand)
Scrolls
 c - a scroll of blinking
 f - a scroll of teleportation {unknown}
Potions
 h - a potion of lignification {unknown}


   Skills:
 + Level 2.8 Fighting
 * Level 2.5 Long Blades
 + Level 1.0 Throwing
 + Level 1.7 Armour
 + Level 2.7 Dodging
 + Level 0.1 Stealth
 + Level 2.3 Spellcasting
 * Level 3.6 Translocations


You had 6 spell levels left.
You didn't know any spells.
Your spell library contained the following spells:

 Spells                   Type           Power      Damage    Failure   Level
 Blink                    Tloc           22%        N/A       10%         2
 Gell's Gravitas          Tloc           11%        N/A       19%         3
 Lesser Beckoning         Tloc           11%        N/A       19%         3
 Teleport Other           Tloc           11%        N/A       19%         3
 Manifold Assault         Tloc           11%        N/A       87%         5


Dungeon Overview and Level Annotations

Branches:
Dungeon (2/15)

Altars:


Innate Abilities, Weirdness & Mutations

You are amphibious.
You cover ground slowly.
You can hop short distances.
You have an extended range of vision and can be seen from far away.


Message History

HP restored.
h - a fizzy inky potion A worm comes into view.
A worm is nearby!
A worm is nearby!
A rat comes into view.
Unknown command.
There are monsters nearby!
The worm bites you.
There are monsters nearby!
Unknown command.
You hit the worm.
The worm is moderately wounded.
There are monsters nearby!
You barely miss the worm.
The worm is moderately wounded.
The worm bites you!
Unknown command.
You are too injured to fight recklessly!
You are too injured to fight recklessly!
You hit the worm.
The worm is moderately wounded.
The worm barely misses you.
You are too injured to fight recklessly!
You completely miss the worm.
The worm is moderately wounded.
The worm completely misses you.
Unknown command.
You are too injured to fight recklessly!
You barely miss the worm.
The worm is moderately wounded.
Unknown command.
You hit the worm.
The worm is moderately wounded.
The worm bites you!
* * * LOW HITPOINT WARNING * * *
You barely miss the worm.
The worm is moderately wounded.
The worm bites you!
You die...

##....>.##
##........######
#..........##..#
#..........#...##
#...>......#.#..########
#............##.#.......
#...........###.........
##.....<........#.......
#..........####@#.......
#...........# #w# ......
#...........# #r# ......
#.........<..##.# .....
#................ .....
##..........###.. ....
##.........# ##.
########### .. ..


You could see a worm and a rat.

Vanquished Creatures
  A dart slug (D:1)
  3 bats (D:1)
  3 endoplasms
  A giant cockroach (D:1)
  3 goblins (D:1)
  3 hobgoblins (D:1)
  3 kobolds (D:1)
  3 ball pythons (D:1)
  2 frilled lizards
  A rat (D:1)
23 creatures vanquished.

Notes
Turn   | Place    | Note
-------+----------+-------------------------------------------
     0 | D:1      | lawman0 the Barachi Warper began the quest for the Orb.
     0 | D:1      | Reached XP level 1. HP: 17/17 MP: 3/3
   379 | D:1      | Reached XP level 2. HP: 9/23 MP: 5/5
  1245 | D:1      | Reached XP level 3. HP: 26/28 MP: 6/6
  1769 | D:2      | Slain by a worm

Illustrated notes

Levels and vault maps discovered:
D:1:      ebering_hopf_link, layout_basic
D:2:      layout_rooms

Action                   || total
-------------------------++-------
Melee: Falchion          ||    99
  Use: Potion            ||     1
 Stab: Sleeping          ||     1
Armor: Leather armour    ||    61
Dodge: Dodged            ||   112

Table legend: (Time is in decaauts)
 A = Elapsed time spent in this place.
 B = Non-inter-level travel time spent in this place.
 C = Inter-level travel time spent in this place.
 D = Time resting spent in this place.
 E = Time spent auto-exploring this place.
 F = Levels seen in this place.
 G = Mean time per level.
                   A        B        C        D        E       F      G
               +--------+--------+--------+--------+--------+-----+--------+
         Total |   1921 |   1786 |    135 |    468 |   1061 |   2 |  960.5 |
       Dungeon |   1921 |   1786 |    135 |    468 |   1061 |   2 |  960.5 |
               +--------+--------+--------+--------+--------+-----+--------+

Top non-repeatable levels by time:
     D:1: 1820 daAuts
     D:2: 101 daAuts
